| TOP OF THE 1ST |
|
Rome Braves batting - Pitching for State College Spikes : RHP Arnaldo Cardamenho
|
|
Pitching: RHP Arnaldo Cardamenho
|
|
|
Batting: RHB Carlos Livas
|
0-0: Bunt missed! 0-1: Ball 1-1: Ball 2-1: SINGLE (Line Drive, 4D, EV 97.5 MPH)
|
|
Batting: LHB Mitsujiro Tanaka
|
0-0: Ball Carlos Livas steals 2nd base 1-0: Ball 2-0: Foul Ball, location: 2F 2-1: Ball 3-1: Base on Balls
|
|
Batting: RHB Tony Cabrera
|
0-0: Foul Ball, location: 2F 0-1: Foul Ball, location: 2F 0-2: Ball 1-2: Grounds into double play, 3-6-3 (Groundball, 3, EV 97.5 MPH) Carlos Livas to third
|
|
Batting: RHB Manny Hensley
|
0-0: Swinging Strike Passed Ball! Carlos Livas scores 0-1: Ball 1-1: Swinging Strike 1-2: Ball 2-2: Ground out 4-3 (Groundball, 4, EV 82.5 MPH)
|
| Top of the 1st over - 1 run, 1 hit, 0 errors, 0 left on base; Rome 1 - State College 0 |
| BOTTOM OF THE 1ST |
|
State College Spikes batting - Pitching for Rome Braves : LHP Bahrom Mohammad
|
|
Pitching: LHP Bahrom Mohammad
|
|
|
Batting: RHB Chris Rouleau
|
0-0: Ball 1-0: Bunt missed! 1-1: Ground out 6-3 (Groundball, 6, EV 83.8 MPH)
|
|
Batting: RHB Shou-feng Chang
|
0-0: Called Strike 0-1: Swinging Strike 0-2: Ball 1-2: Strikes out looking
|
|
Batting: LHB Ignacio Ocampo
|
0-0: Foul Ball, location: 2F 0-1: Ball 1-1: Ball 2-1: Ball 3-1: Base on Balls
|
|
Batting: RHB Nelson Salamanca
|
0-0: Called Strike 0-1: Ball 1-1: Ball 2-1: Ball 3-1: Fielders Choice at 2nd, 6-4 (Groundball, 56, EV 89.4 MPH)
|
| Bottom of the 1st over - 0 runs, 0 hits, 0 errors, 1 left on base; Rome 1 - State College 0 |
| TOP OF THE 2ND |
|
Rome Braves batting - Pitching for State College Spikes : RHP Arnaldo Cardamenho
|
|
Batting: RHB Armando Vazquez
|
0-0: Called Strike 0-1: Swinging Strike 0-2: Foul Ball, location: 2F 0-2: Ball 1-2: Ball 2-2: Ball 3-2: Fly out, F6 (Flyball, 6MD, EV 91.2 MPH)
|
|
Batting: RHB Gebre-Giorgios Wangondu
|
0-0: Foul Ball, location: 2F 0-1: Ball 1-1: Foul Ball, location: 2F 1-2: Ball 2-2: Ball 3-2: Strikes out swinging
|
|
Batting: LHB Diego Garcia
|
0-0: Ball 1-0: Ball 2-0: Foul Ball, location: 2F 2-1: Ball 3-1: Base on Balls
|
|
Batting: LHB Ivan Castillo
|
0-0: Swinging Strike 0-1: Called Strike 0-2: Foul Ball, location: 2F 0-2: Ball 1-2: Ball Diego Garcia steals 2nd base 2-2: Strikes out looking
|
| Top of the 2nd over - 0 runs, 0 hits, 0 errors, 1 left on base; Rome 1 - State College 0 |
| BOTTOM OF THE 2ND |
|
State College Spikes batting - Pitching for Rome Braves : LHP Bahrom Mohammad
|
|
Batting: RHB Roberto Ruiz
|
0-0: Ball 1-0: Called Strike 1-1: Ball 2-1: Ball 3-1: Base on Balls
|
|
Batting: RHB Juan Carrillo
|
0-0: Ball 1-0: Swinging Strike 1-1: Ball 2-1: Swinging Strike 2-2: Strikes out looking
|
|
Batting: RHB Jonathan Winkler
|
0-0: Ball 1-0: Called Strike 1-1: Foul Ball, location: 2F 1-2: Strikes out looking
|
|
Batting: LHB Pete Mitchell
|
0-0: Called Strike 0-1: Ball 1-1: Ball 2-1: Ball 3-1: Called Strike 3-2: Foul Ball, location: 2F 3-2: Fly out, F8 (Line Drive, 78M, EV 96.2 MPH)
|
| Bottom of the 2nd over - 0 runs, 0 hits, 0 errors, 1 left on base; Rome 1 - State College 0 |
| TOP OF THE 3RD |
|
Rome Braves batting - Pitching for State College Spikes : RHP Arnaldo Cardamenho
|
|
Batting: RHB Roberto Rios
|
0-0: Swinging Strike 0-1: Ball 1-1: Ball 2-1: Swinging Strike 2-2: Strikes out looking
|
|
Batting: RHB Carlos Livas
|
0-0: Called Strike 0-1: Swinging Strike 0-2: Foul Ball, location: 2F 0-2: Foul Ball, location: 2F 0-2: Strikes out swinging
|
|
Batting: LHB Mitsujiro Tanaka
|
0-0: Called Strike 0-1: Swinging Strike 0-2: Ball 1-2: Strikes out swinging
|
| Top of the 3rd over - 0 runs, 0 hits, 0 errors, 0 left on base; Rome 1 - State College 0 |
| BOTTOM OF THE 3RD |
|
State College Spikes batting - Pitching for Rome Braves : LHP Bahrom Mohammad
|
|
Batting: RHB John James
|
0-0: Called Strike 0-1: Called Strike 0-2: Ball 1-2: Fly out, F8 (Flyball, 89M, EV 94.4 MPH)
|
|
Batting: RHB Chris Rouleau
|
0-0: Called Strike 0-1: Bunt missed! 0-2: Strikes out looking
|
|
Batting: RHB Shou-feng Chang
|
0-0: Ball 1-0: Ball 2-0: Called Strike 2-1: SINGLE (Groundball, 6MD, EV 97.5 MPH)
|
|
Batting: LHB Ignacio Ocampo
|
0-0: Called Strike 0-1: Ball 1-1: Swinging Strike 1-2: Strikes out swinging
|
| Bottom of the 3rd over - 0 runs, 1 hit, 0 errors, 1 left on base; Rome 1 - State College 0 |
| TOP OF THE 4TH |
|
Rome Braves batting - Pitching for State College Spikes : RHP Arnaldo Cardamenho
|
|
Batting: RHB Tony Cabrera
|
0-0: Called Strike 0-1: Ball 1-1: Called Strike 1-2: Strikes out swinging
|
|
Batting: RHB Manny Hensley
|
0-0: Fly out, F9 (Line Drive, 9S, EV 106.2 MPH)
|
|
Batting: RHB Armando Vazquez
|
0-0: Ball 1-0: Ball 2-0: Swinging Strike 2-1: Foul Ball, location: 2F 2-2: Ball 3-2: SINGLE (Groundball, 56D, EV 101.2 MPH)
|
|
Batting: RHB Gebre-Giorgios Wangondu
|
0-0: Called Strike 0-1: Foul Ball, location: 2F 0-2: Ball 1-2: Ball 2-2: Strikes out swinging
|
| Top of the 4th over - 0 runs, 1 hit, 0 errors, 1 left on base; Rome 1 - State College 0 |
| BOTTOM OF THE 4TH |
|
State College Spikes batting - Pitching for Rome Braves : LHP Bahrom Mohammad
|
|
Batting: RHB Nelson Salamanca
|
0-0: Foul Ball, location: 2F 0-1: Ball 1-1: Foul Ball, location: 2F 1-2: Foul Ball, location: 2F 1-2: Ball 2-2: Foul Ball, location: 2F 2-2: Ball 3-2: Base on Balls
|
|
Batting: RHB Roberto Ruiz
|
0-0: Called Strike 0-1: SINGLE (Groundball, 56D, EV 98.8 MPH) Nelson Salamanca to second
|
|
Batting: RHB Juan Carrillo
|
0-0: Ball 1-0: Foul Ball, location: 2F 1-1: Foul Ball, location: 2F 1-2: Strikes out swinging
|
|
Batting: RHB Jonathan Winkler
|
0-0: Called Strike 0-1: SINGLE (Groundball, 56D, EV 98.1 MPH) Nelson Salamanca to third Roberto Ruiz to second
|
|
Batting: LHB Pete Mitchell
|
0-0: Called Strike 0-1: Foul Ball, location: 2F 0-2: Fly out, F7 (Line Drive, 7, EV 108.1 MPH) Runner from 3rd tags up, SCORES, no throw by LF
|
|
Batting: RHB John James
|
0-0: Ball 1-0: Ball 2-0: Foul Ball, location: 2F 2-1: Ball 3-1: Base on Balls Roberto Ruiz to third Jonathan Winkler to second
|
|
Batting: RHB Chris Rouleau
|
0-0: Ball 1-0: Foul Ball, location: 2F 1-1: Foul Ball, location: 2F 1-2: Foul Ball, location: 2F 1-2: Ball Wild Pitch! Roberto Ruiz scores Jonathan Winkler to third John James to second 2-2: DOUBLE (Flyball, 9LD, EV 113.1 MPH) Jonathan Winkler scores John James scores
|
|
Batting: RHB Shou-feng Chang
|
0-0: Called Strike 0-1: Foul Ball, location: 2F 0-2: Ball 1-2: Strikes out looking
|
| Bottom of the 4th over - 4 runs, 3 hits, 0 errors, 1 left on base; Rome 1 - State College 4 |
| TOP OF THE 5TH |
|
Rome Braves batting - Pitching for State College Spikes : RHP Arnaldo Cardamenho
|
|
Batting: LHB Diego Garcia
|
0-0: Swinging Strike 0-1: Ball 1-1: Ball 2-1: Swinging Strike 2-2: Strikes out swinging
|
|
Batting: LHB Ivan Castillo
|
0-0: Swinging Strike 0-1: Swinging Strike 0-2: Ball 1-2: Strikes out swinging
|
|
Batting: RHB Roberto Rios
|
0-0: Swinging Strike 0-1: Ball 1-1: Swinging Strike 1-2: Ball 2-2: Strikes out swinging
|
| Top of the 5th over - 0 runs, 0 hits, 0 errors, 0 left on base; Rome 1 - State College 4 |
| BOTTOM OF THE 5TH |
|
State College Spikes batting - Pitching for Rome Braves : LHP Bahrom Mohammad
|
|
Batting: LHB Ignacio Ocampo
|
0-0: Called Strike 0-1: Ball 1-1: Ball 2-1: Called Strike 2-2: Foul Ball, location: 2F 2-2: Strikes out swinging
|
|
Batting: RHB Nelson Salamanca
|
0-0: Fly out, F7 (Flyball, 7, EV 80.0 MPH)
|
|
Batting: RHB Roberto Ruiz
|
0-0: Foul Ball, location: 2F 0-1: Ball 1-1: Ball 2-1: Foul Ball, location: 2F 2-2: Ground out U3 (Groundball, 13, EV 89.4 MPH)
|
| Bottom of the 5th over - 0 runs, 0 hits, 0 errors, 0 left on base; Rome 1 - State College 4 |
| TOP OF THE 6TH |
|
Rome Braves batting - Pitching for State College Spikes : RHP Arnaldo Cardamenho
|
|
Batting: RHB Carlos Livas
|
0-0: Called Strike 0-1: SINGLE (Groundball, 5S, EV 61.9 MPH) (infield hit)
|
|
Batting: LHB Mitsujiro Tanaka
|
0-0: Called Strike 0-1: Foul Ball, location: 2F 0-2: Ball 1-2: Ball 2-2: Foul Ball, location: 2F 2-2: SINGLE (Groundball, 34D, EV 100.0 MPH) Carlos Livas to second Carlos Livas to third
|
|
Batting: RHB Tony Cabrera
|
0-0: Called Strike 0-1: SINGLE (Groundball, 3D, EV 111.2 MPH) Carlos Livas scores Mitsujiro Tanaka to second Runner from 2nd tries for 3rd, SAFE, throw by RF made to third
|
|
Batting: RHB Manny Hensley
|
0-0: Ball 1-0: Called Strike 1-1: Swinging Strike 1-2: Strikes out swinging
|
|
Batting: RHB Armando Vazquez
|
0-0: Called Strike Tony Cabrera steals 2nd base 0-1: Ball 1-1: Ball 2-1: Foul Ball, location: 2F 2-2: Foul Ball, location: 2F 2-2: Strikes out swinging
|
|
Batting: RHB Gebre-Giorgios Wangondu
|
0-0: Ground out U3 (Groundball, 13, EV 77.5 MPH)
|
| Top of the 6th over - 1 run, 3 hits, 0 errors, 2 left on base; Rome 2 - State College 4 |
| BOTTOM OF THE 6TH |
|
State College Spikes batting - Pitching for Rome Braves : LHP Bahrom Mohammad
|
|
Batting: RHB Juan Carrillo
|
0-0: Ball 1-0: Foul Ball, location: 2F 1-1: Ball 2-1: Called Strike 2-2: Fly out, F8 (Flyball, 8LD, EV 93.1 MPH)
|
|
Batting: RHB Jonathan Winkler
|
0-0: Ball 1-0: Ball 2-0: Foul Ball, location: 2F 2-1: Called Strike 2-2: Ball 3-2: Foul Ball, location: 2F 3-2: Foul Ball, location: 2F 3-2: Strikes out swinging
|
|
Batting: LHB Pete Mitchell
|
0-0: DOUBLE (Line Drive, 89XD, EV 105.6 MPH)
|
|
Pitching: RHP Tyler Duffy
|
|
|
Batting: RHB John James
|
0-0: Ball 1-0: Ball 2-0: Called Strike 2-1: Swinging Strike 2-2: Strikes out swinging
|
| Bottom of the 6th over - 0 runs, 1 hit, 0 errors, 1 left on base; Rome 2 - State College 4 |
| TOP OF THE 7TH |
|
Rome Braves batting - Pitching for State College Spikes : RHP Arnaldo Cardamenho
|
|
Batting: LHB Diego Garcia
|
0-0: Ball 1-0: Called Strike 1-1: Foul Ball, location: 2F 1-2: Ball 2-2: Strikes out swinging
|
|
Pitching: LHP Steve Young
|
|
|
Batting: LHB Ivan Castillo
|
0-0: Ball 1-0: Ball 2-0: Ground out 6-3 (Groundball, 6, EV 103.8 MPH)
|
|
Batting: RHB Roberto Rios
|
0-0: Swinging Strike 0-1: Swinging Strike 0-2: Strikes out swinging
|
| Top of the 7th over - 0 runs, 0 hits, 0 errors, 0 left on base; Rome 2 - State College 4 |
| BOTTOM OF THE 7TH |
|
State College Spikes batting - Pitching for Rome Braves : RHP Tyler Duffy
|
|
Batting: RHB Chris Rouleau
|
0-0: Called Strike 0-1: Foul Ball, location: 2F 0-2: Ball 1-2: Foul Ball, location: 2F 1-2: Foul Ball, location: 2F 1-2: SINGLE (Groundball, 6MD, EV 95.6 MPH) (infield hit)
|
|
Batting: RHB Shou-feng Chang
|
0-0: Called Strike Chris Rouleau is caught stealing 2nd base 2-4 0-1: Ball 1-1: Called Strike 1-2: Foul Ball, location: 2F 1-2: Ball 2-2: Hit by Pitch
|
|
Batting: LHB Ignacio Ocampo
|
0-0: SINGLE (Groundball, 6D, EV 94.4 MPH) Shou-feng Chang to second
|
|
Batting: RHB Nelson Salamanca
|
0-0: Fly out, F7 (Line Drive, 7, EV 83.8 MPH)
|
|
Batting: RHB Roberto Ruiz
|
0-0: Called Strike 0-1: Ball 1-1: Ball 2-1: Ball 3-1: Foul Ball, location: 2F 3-2: Foul Ball, location: 2F 3-2: Ground out U3 (Groundball, 3, EV 93.8 MPH)
|
| Bottom of the 7th over - 0 runs, 2 hits, 0 errors, 2 left on base; Rome 2 - State College 4 |
| TOP OF THE 8TH |
|
Rome Braves batting - Pitching for State College Spikes : LHP Steve Young
|
|
Batting: RHB Carlos Livas
|
0-0: Ball 1-0: Ball 2-0: Swinging Strike 2-1: Foul Ball, location: 2F 2-2: Strikes out swinging
|
|
Pinch Hitting: RHB Rafael Reyes
|
0-0: Ball 1-0: Called Strike 1-1: Swinging Strike 1-2: Strikes out looking
|
|
Batting: RHB Tony Cabrera
|
0-0: Fly out, F7 (Line Drive, 7, EV 96.2 MPH)
|
| Top of the 8th over - 0 runs, 0 hits, 0 errors, 0 left on base; Rome 2 - State College 4 |
| BOTTOM OF THE 8TH |
|
State College Spikes batting - Pitching for Rome Braves : RHP Tyler Duffy
|
|
Now at 3B: Rafael Reyes
|
|
|
Now in LF: Tony Cabrera
|
|
|
Batting: RHB Juan Carrillo
|
0-0: Ball 1-0: Ball 2-0: Foul Ball, location: 2F 2-1: SINGLE (Groundball, P, EV 83.1 MPH) (infield hit)
|
|
Batting: RHB Jonathan Winkler
|
0-0: Ball 1-0: Called Strike 1-1: SINGLE (Line Drive, 8RS, EV 110.0 MPH) Juan Carrillo to second
|
|
Batting: LHB Pete Mitchell
|
0-0: Reached on error, E2 (Groundball, 2R, EV 43.8 MPH) Juan Carrillo scores Jonathan Winkler to third
|
|
Batting: RHB John James
|
0-0: Called Strike 0-1: Ball 1-1: Swinging Strike 1-2: Ball 2-2: Ball 3-2: Strikes out swinging
|
|
Batting: RHB Chris Rouleau
|
0-0: Called Strike 0-1: SINGLE (Line Drive, 56, EV 105.6 MPH) Jonathan Winkler scores Pete Mitchell to third
|
|
Batting: RHB Shou-feng Chang
|
0-0: Fielders Choice at 2nd, 6-4 (Groundball, 56, EV 103.1 MPH) Pete Mitchell scores
|
|
Pitching: RHP Josh Wollaston
|
|
|
Batting: LHB Ignacio Ocampo
|
0-0: Ball 1-0: Foul Ball, location: 2F 1-1: Foul Ball, location: 2F 1-2: Foul Ball, location: 2F 1-2: Ball 2-2: Strikes out swinging
|
| Bottom of the 8th over - 3 runs, 3 hits, 1 error, 1 left on base; Rome 2 - State College 7 |
| TOP OF THE 9TH |
|
Rome Braves batting - Pitching for State College Spikes : LHP Steve Young
|
|
Batting: RHB Manny Hensley
|
0-0: Ball 1-0: Ball 2-0: Foul Ball, location: 2F 2-1: Fly out, F9 (Flyball, 9D, EV 109.4 MPH)
|
|
Batting: RHB Armando Vazquez
|
0-0: Called Strike 0-1: Ball 1-1: SINGLE (Flyball, 9LS, EV 98.1 MPH)
|
|
Batting: RHB Gebre-Giorgios Wangondu
|
0-0: Called Strike 0-1: Foul Ball, location: 2F 0-2: Ball 1-2: Strikes out swinging
|
|
Batting: RHB Mike Velazquez
|
0-0: Called Strike 0-1: Ball 1-1: 2-RUN HOME RUN (Flyball, 7D, EV 98.1 MPH), Distance : 391 ft
|
|
Batting: LHB Ivan Castillo
|
0-0: Ground out U3 (Groundball, 3L, EV 86.2 MPH)
|
| Top of the 9th over - 2 runs, 2 hits, 0 errors, 0 left on base; Rome 4 - State College 7 |
|